 Dungeon Crawl Stone Soup version 0.18.1-50-g88ac8fd (webtiles) character file.

29540 sleepydude the Thaumaturge (level 13, -16/79 HPs)
             Began as a Gargoyle Earth Elementalist on Oct 12, 2016.
             Was an Elder of Vehumet.
             Demolished by Rupert
             ... wielding a +3 great sword of holy wrath
              (21 damage)
             ... on level 5 of the Lair of Beasts on Oct 13, 2016.
             The game lasted 02:55:31 (30422 turns).

sleepydude the Thaumaturge (GrEE)                  Turns: 30422, Time: 02:55:32

Health: -16/79     AC: 25    Str: 15    XL:     13   Next: 45%
Magic:  22/28      EV: 14    Int: 20    God:    Vehumet [****..]
Gold:   358        SH:  0    Dex: 10    Spells: 7 memorised, 17 levels left

rFire  . . .     SeeInvis .     z - +2 mace (protect)
rCold  . . .     Gourm    +     u - +3 leather armour
rNeg   + + .     Faith    .     (no shield)
rPois  ∞         Spirit   .     n - +1 helmet
rElec  +         Dismiss  .     y - +0 cloak
rCorr  .         Reflect  .     (no gloves)
SustAt .         Harm     .     G - +0 pair of boots
MR     .....                    i - amulet of the gourmand
Stlth  ++........               F - ring of positive energy
                                K - +2 ring of strength

@: not resistant to hostile enchantments, unstealthy
A: negative energy resistance 1, electricity resistance, unbreathing,
petrification resistance, rot immunity, AC +9
a: Renounce Religion


You were on level 5 of the Lair of Beasts.
You worshipped Vehumet.
Vehumet was greatly pleased with you.
You were very hungry.

You visited 3 branches of the dungeon, and saw 17 of its levels.
You also visited: Ice Cave and Volcano.

You collected 813 gold pieces.
You spent 455 gold pieces at shops.

Inventory:

Hand Weapons
 f - a +0 whip of flaming
 z - a +2 mace of protection (weapon)
Missiles
 b - 336 stones (quivered)
Armour
 a - a +2 hat
 n - a +1 helmet (worn)
 u - a +3 leather armour (worn)
 w - a +1 robe of magic resistance
 y - a +0 cloak (worn)
 G - a +0 pair of boots (worn)
 W - a +0 troll leather armour
Magical Staves
 T - an uncursed staff of air
Jewellery
 i - an amulet of the gourmand (around neck)
 j - an uncursed amulet of rage
 F - a ring of positive energy (right hand)
 K - a +2 ring of strength (left hand)
 R - an uncursed ring of ice
Wands
 r - a wand of acid (5/15)
 v - a wand of confusion (27/48)
 C - a wand of confusion (48/48)
 E - a wand of enslavement (11/24)
 O - a wand of paralysis (12/24)
 S - a wand of flame (33/48)
Scrolls
 e - 8 scrolls of teleportation
 k - 2 scrolls of identify
 o - 3 scrolls of remove curse
 x - 2 scrolls of recharging
 H - a scroll of blinking
 P - a scroll of acquirement {unknown}
 V - a scroll of enchant weapon
Potions
 g - 2 potions of flight {unknown}
 h - 10 potions of heal wounds {unknown}
 l - a potion of berserk rage {unknown}
 q - 5 potions of curing {unknown}
 t - 2 potions of invisibility
 A - a potion of agility {unknown}
 D - a potion of ambrosia {unknown}
 J - 2 potions of haste {unknown}
 M - a potion of resistance
 N - a potion of brilliance {unknown}
 X - a potion of mutation {unknown}
Books
 c - a book of Geomancy

   Spells                             Type                      Level
   a - Sandblast                      Earth                        1
   b - Passwall                       Transmutation/Earth          2
   c - Stone Arrow                    Conjuration/Earth            3
   d - Petrify                        Transmutation/Earth          4
   e - Lee's Rapid Deconstruction     Earth                        5
 p - a book of Air

   Spells                             Type                      Level
   a - Shock                          Conjuration/Air              1
   b - Swiftness                      Charms/Air                   2
   c - Repel Missiles                 Charms/Air                   2
   d - Static Discharge               Conjuration/Air              3
   e - Lightning Bolt                 Conjuration/Air              5
 B - a book of Maledictions

   Spells                             Type                      Level
   a - Corona                         Hexes                        1
   b - Ensorcelled Hibernation        Hexes/Ice                    2
   c - Confuse                        Hexes                        3
   d - Tukima's Dance                 Hexes                        3
   e - Dazzling Spray                 Conjuration/Hexes            3
 Q - a book of the Earth

   Spells                             Type                      Level
   a - Leda's Liquefaction            Hexes/Earth                  4
   b - Bolt of Magma                  Conjuration/Fire/Earth       5
   c - Statue Form                    Transmutation/Earth          6
   d - Iron Shot                      Conjuration/Earth            6
   e - Shatter                        Earth                        9
Miscellaneous
 U - a sack of spiders
Comestibles
 d - 9 bread rations
 m - 5 meat rations
 s - 10 slices of pizza
 I - 2 beef jerkies
 L - 12 fruits


   Skills:
 + Level 8.5 Fighting
 + Level 8.2 Maces & Flails
 - Level 5.1 Armour
 + Level 7.0 Dodging
 - Level 2.1 Stealth
 * Level 11.9 Spellcasting
 - Level 5.2 Conjurations
   Level 0.7 Transmutations
 + Level 4.6 Fire Magic
 - Level 8.0 Earth Magic
 - Level 6.2 Evocations


You had 17 spell levels left.
You knew the following spells:

 Your Spells              Type           Power        Failure   Level  Hunger
a - Sandblast             Erth           #####.       1%          1    None
b - Stone Arrow           Conj/Erth      #####.       1%          3    None
c - Flame Tongue          Conj/Fire      ####.        1%          1    None
d - Lee's Rapid Deconstr  Erth           #####.....   2%          5    ####...
e - Dazzling Spray        Conj/Hex       ###...       2%          3    None
f - Repel Missiles        Chrm/Air       ##....       14%         2    None
g - Mephitic Cloud        Conj/Pois/Air  ###.....     3%          3    None


Dungeon Overview and Level Annotations

Branches:
Dungeon (10/15)            Temple (1/1) D:7            Lair (6/8) D:10
 Shoals (0/4) Lair:4          Orc (0/2) D:10
  Snake: Lair:3-6    Spider: Lair:3-6     Slime: Lair:6-8

Altars:
Ashenzari
Cheibriados
Dithmenos
Elyvilon
Fedhas
Gozag
Kikubaaqudgha
Makhleb
Nemelex Xobeh
Okawaru
Pakellas
Qazlal
Ru
Sif Muna
Trog
Vehumet
Xom
Yredelemnul
Zin
The Shining One

Shops:
D:5 }   D:6 :*

Annotations:
D:2 Sigmund
D:3 1 exclusion
Lair:5 exclusion: 2 oklob plants, Rupert


Innate Abilities, Weirdness & Mutations

You are resistant to torment.
Your stone body is resilient (AC +9).
You are immune to poison.
You resist negative energy.
You are resistant to electric shocks.
You can survive without breathing.
You are immune to petrification.
You are immune to rotting.


Message History

Aiming: Stone Arrow
Press: ? - help, Shift-Dir - straight line, f/p - Rupert
Aim: Rupert, wielding a great sword of holy wrath and wearing a ring mail The stone arrow hits Rupert.
Rupert is lightly wounded.
Rupert yells loudly at you.
You struggle to resist.
Rupert yells loudly at you.
You suddenly lose the ability to move!
Rupert roars madly and goes into a rage!
Rupert goes berserk!
Rupert hits you with a great sword of holy wrath!
Rupert hits you with a great sword of holy wrath!!
* * * LOW HITPOINT WARNING * * *
You can move again.
Unknown command.
Drink which item? (? for menu, Esc to quit)
Okay, then.
Rupert hits you with a great sword of holy wrath!!
You die...

..............................#
.............................##
......##.#....#...............#
.......##....#.......###......#
#P...........##....#..##.....##
##....###.........#..........#
.##....#....#..............#.##
.P.....#P...+.............#...##
......###[..#P..@.........#....#
.P.....##...'.+.@.#.....##....##
.P.....#.#+.##.....#.#.P###...##
.......##..#.##..............#.##
.......#P.+#....................#
...............................##
..............................##
...........(.......#P###.....P#
...................###.......##


You could see Rupert (berserk).

Vanquished Creatures
  Gastronok (Lair:3)
  5 hydras
  Harold (Lair:1)
  3 death yaks (Lair:1)
  Pikel (D:5)
  4 black mambas
  Maurice (D:9)
  Joseph (D:10)
  7 spiny frogs
  A rime drake (Lair:3)
  7 komodo dragons
  2 trolls
  4 blink frogs
  Grinder (D:4)
  Prince Ribbit (D:5)
  2 wraiths (D:10)
  12 yaks
  A wyvern (D:10)
  Eustachio (D:5)
  A human (D:8)
  3 basilisks
  2 hungry ghosts
  4 hippogriffs
  8 water moccasins
  8 porcupines
  7 orc warriors
  8 ice beasts
  3 sky beasts (D:10)
  2 slaves (D:5)
  A wasp (D:7)
  3 phantoms
  5 ogres
  8 wolves
  4 centaurs
  5 crocodiles
  2 big kobolds (D:10)
  18 giant frogs
  3 scorpions
  A water moccasin skeleton (D:8)
  3 killer bees (D:10)
  3 wights (D:10)
  7 howler monkeys
  A giant frog zombie (D:7)
  A centaur zombie (D:8)
  2 crimson imps
  6 hounds
  4 centaur skeletons
  2 jellies
  5 orc priests
  Crazy Yiuf (D:6)
  2 gnoll shamans
  11 iguanas
  14 orc wizards
  2 giant frog skeletons (D:5)
  Terence (D:2)
  10 worker ants
  21 sheep
  2 hound skeletons
  A worker ant zombie (D:5)
  The ghost of nxtlvl the Scratcher, a weakling FeTm (D:6)
  12 gnolls
  19 adders
  53 river rats
  7 shadow imps
  An adder skeleton (D:6)
  A worm (D:4)
  2 dart slugs
  12 giant geckos
  39 orcs
  8 bats
  10 giant cockroaches
  4 goblins
  9 hobgoblins
  13 jackals
  7 quokkas
  3 ball pythons
  A giant gecko skeleton (D:8)
  8 giant newts
  13 kobolds
  A quokka skeleton (D:8)
  2 quokka zombies (D:6)
  8 rats
  A bush (Lair:5)
  2 fungi (Lair:3)
488 creatures vanquished.

Vanquished Creatures (others)
  A crimson imp (D:5)
  An adder skeleton (D:5)
  2 jackals (D:5)
  A giant gecko skeleton (D:5)
  A jackal zombie (D:5)
  6 fungi
  2 plants
14 creatures vanquished.

Grand Total: 502 creatures vanquished

Notes
Turn   | Place    | Note
--------------------------------------------------------------
     0 | D:1      | sleepydude the Gargoyle Earth Elementalist began the quest for the Orb.
     0 | D:1      | Reached XP level 1. HP: 10/10 MP: 3/3
   482 | D:1      | Reached XP level 2. HP: 15/15 MP: 5/5
  1169 | D:2      | Noticed Sigmund
  1217 | D:2      | Reached XP level 3. HP: 17/19 MP: 7/7
  1339 | D:2      | Noticed Terence
  1352 | D:2      | Reached skill level 3 in Spellcasting
  1359 | D:2      | Killed Terence
  1359 | D:2      | Reached XP level 4. HP: 16/24 MP: 2/9
  2170 | D:2      | Reached skill level 5 in Earth Magic
  2419 | D:2      | Found an iron altar of Okawaru.
  2419 | D:2      | Found a sparkling altar of Nemelex Xobeh.
  2419 | D:2      | Found a sacrificial altar of Ru.
  2419 | D:2      | Found a snail-covered altar of Cheibriados.
  2467 | D:3      | Learned a level 3 spell: Stone Arrow
  2589 | D:3      | Reached XP level 5. HP: 24/28 MP: 7/10
  2654 | D:3      | Found a deep blue altar of Sif Muna.
  2734 | D:3      | Reached skill level 4 in Spellcasting
  3687 | D:4      | Noticed Grinder
  3836 | D:4      | Reached XP level 6. HP: 24/32 MP: 7/12
  4624 | D:4      | Reached skill level 5 in Spellcasting
  4711 | D:4      | Noticed a phantom
  4727 | D:4      | Killed a phantom
  4727 | D:4      | Reached XP level 7. HP: 29/36 MP: 8/15
  4965 | D:5      | Entered Level 5 of the Dungeon
  4988 | D:5      | Found Saamuukk's Gadget Shop.
  5025 | D:5      | Noticed Eustachio
  5043 | D:5      | Killed Eustachio
  5097 | D:5      | Reached skill level 1 in Maces & Flails
  5401 | D:5      | Noticed Pikel
  5413 | D:5      | Killed Pikel
  5413 | D:5      | Reached skill level 6 in Spellcasting
  5413 | D:5      | Reached skill level 1 in Conjurations
  5413 | D:5      | Reached skill level 1 in Evocations
  5413 | D:5      | Reached XP level 8. HP: 44/44 MP: 12/17
  5525 | D:5      | Noticed Prince Ribbit
  5530 | D:5      | Killed Prince Ribbit
  5764 | D:4      | Killed Grinder
  5764 | D:4      | Reached XP level 9. HP: 29/50 MP: 11/19
  7066 | D:6      | Found Aoeq's Alliterative Accessories.
  7071 | D:6      | Found Feolotelu's Book Shop.
  7076 | D:6      | Reached skill level 7 in Spellcasting
  7089 | D:6      | Noticed nxtlvl's ghost (weakling FeTm)
  7102 | D:6      | Killed nxtlvl's ghost
  7926 | D:6      | Noticed Crazy Yiuf
  7937 | D:6      | Killed Crazy Yiuf
 10381 | D:7      | Reached XP level 10. HP: 58/58 MP: 14/21
 11153 | D:7      | Found a staircase to the Ecumenical Temple.
 11162 | Temple   | Entered the Ecumenical Temple
 11252 | Temple   | Became a worshipper of Vehumet
 11857 | D:7      | Reached skill level 8 in Spellcasting
 12564 | D:8      | Reached * piety under Vehumet
 12564 | D:8      | Offered knowledge of Flame Tongue by Vehumet.
 12662 | D:8      | Found a blossoming altar of Fedhas.
 12662 | D:8      | Found a stormy altar of Qazlal.
 12771 | D:8      | Reached skill level 5 in Armour
 13614 | D:8      | Found a glowing silver altar of Zin.
 14334 | D:9      | Noticed Maurice
 14368 | D:9      | Reached skill level 5 in Fighting
 14654 | D:8      | Reached skill level 5 in Conjurations
 14783 | D:9      | Killed Maurice
 15255 | D:9      | Learned a level 1 spell: Flame Tongue
 15315 | D:6      | Reached skill level 5 in Maces & Flails
 15492 | D:10     | Entered Level 10 of the Dungeon
 15825 | D:10     | Noticed a hill giant
 16259 | D:10     | Reached XP level 11. HP: 64/64 MP: 7/23
 16422 | D:10     | Reached ** piety under Vehumet
 16555 | D:10     | Offered knowledge of Searing Ray by Vehumet.
 16782 | D:10     | Noticed Joseph
 17206 | D:10     | Learned a level 5 spell: Lee's Rapid Deconstruction
 17223 | D:10     | Reached skill level 9 in Spellcasting
 17241 | D:10     | Reached skill level 5 in Dodging
 17669 | D:10     | Found a staircase to the Lair.
 17930 | D:10     | Found a staircase to the Orcish Mines.
 18008 | D:10     | Killed Joseph
 18008 | D:10     | Reached skill level 5 in Evocations
 18418 | D:10     | Offered knowledge of Inner Flame by Vehumet.
 18497 | Lair:1   | Entered Level 1 of the Lair of Beasts
 18573 | Lair:1   | Found a frozen archway.
 18807 | IceCv    | Entered an ice cave
 19021 | Lair:1   | Reached *** piety under Vehumet
 19588 | Lair:1   | Noticed an eight-headed hydra
 19667 | Lair:1   | Killed an eight-headed hydra
 20129 | Lair:1   | Noticed Harold
 20151 | Lair:1   | Killed Harold
 20151 | Lair:1   | Reached skill level 10 in Spellcasting
 20477 | Lair:2   | Found a dark tunnel.
 20487 | Volcano  | Entered a volcano
 20496 | Volcano  | Noticed mndeal's ghost (journeyman MfBe)
 20636 | Lair:2   | Noticed a death yak
 20636 | Lair:2   | Noticed a death yak
 20821 | Lair:1   | Killed a death yak
 20821 | Lair:1   | Reached XP level 12. HP: 12/71 MP: 2/26
 21246 | Lair:2   | Offered knowledge of Olgreb's Toxic Radiance by Vehumet.
 21641 | Lair:2   | Noticed a death yak
 21641 | Lair:2   | Noticed a death yak
 21642 | Lair:2   | Noticed a death yak
 21681 | Lair:1   | Killed a death yak
 21681 | Lair:1   | Reached skill level 1 in Fire Magic
 22067 | Lair:2   | Noticed a death yak
 22084 | Lair:1   | Killed a death yak
 22688 | Lair:2   | Noticed an eight-headed hydra
 22700 | Lair:2   | Killed an eight-headed hydra
 23239 | Lair:2   | Learned a level 3 spell: Dazzling Spray
 23429 | Lair:3   | Noticed an eight-headed hydra
 23443 | Lair:3   | Killed an eight-headed hydra
 23449 | Lair:3   | Noticed a six-headed hydra
 23640 | Lair:3   | Killed a six-headed hydra
 24042 | Lair:3   | Noticed Gastronok
 24302 | D:6      | Bought a book of Air for 455 gold pieces
 24305 | D:6      | Learned a level 2 spell: Repel Missiles
 24470 | Lair:3   | Noticed a four-headed hydra
 24484 | Lair:3   | Killed a four-headed hydra
 24576 | Lair:3   | Reached **** piety under Vehumet
 24731 | Lair:3   | Offered knowledge of Mephitic Cloud by Vehumet.
 24736 | Lair:3   | Learned a level 3 spell: Mephitic Cloud
 25020 | Lair:3   | Killed Gastronok
 25020 | Lair:3   | Reached skill level 11 in Spellcasting
 26031 | Lair:4   | Reached XP level 13. HP: 40/78 MP: 11/28
 26673 | Lair:4   | Reached ***** piety under Vehumet
 28098 | Lair:4   | Found a staircase to the Shoals.
 28104 | Lair:4   | Found an opulent altar of Gozag.
 28108 | Lair:4   | Offered knowledge of Spellforged Servitor by Vehumet.
 30375 | Lair:6   | Noticed Rupert
 30415 | Lair:5   | Paralysed by Rupert for 6 turns
 30422 | Lair:5   | Demolished by Rupert

Skill      XL: |  1  2  3  4  5  6  7  8  9 10 11 12 13 |
---------------+----------------------------------------+-----
Earth Magic    | 4 5 6 8 |  8.0
Spellcasting   | 3 4 5 6 7 8 10 11 | 11.9
Maces & Flails | 1 3 4 5 6 7 8 |  8.2
Fighting       | 2 3 4 5 6 8 |  8.5
Armour         | 2 4 5 |  5.1
Dodging        | 2 3 4 5 6 7 |  7.0
Conjurations   | 1 2 4 5 |  5.2
Evocations     | 1 2 3 4 5 6 |  6.2
Fire Magic     | 3 4 |  4.6
Stealth        | |  2.1
Transmutations | |  0.7

Action                   |  1- 3 |  4- 6 |  7- 9 | 10-12 | 13-15 || total
-------------------------+-------+-------+-------+-------+-------++-------
Melee: Spear             |    63 |   163 |     6 |       |       ||   232
       Mace              |       |       |    52 |   447 |   184 ||   683
       Flail             |       |       |    60 |       |       ||    60
       Whip              |       |       |    11 |       |       ||    11
 Cast: Sandblast         |    17 |   105 |   103 |    37 |    12 ||   274
       Stone Arrow       |       |       |   114 |   438 |   112 ||   664
       Flame Tongue      |       |       |       |    56 |     1 ||    57
       Lee's Rapid Decon |       |       |       |    27 |    12 ||    39
       Mephitic Cloud    |       |       |       |     1 |     1 ||     2
  Use: Scroll            |       |       |     2 |    23 |     4 ||    29
 Stab: Sleeping          |     5 |     3 |       |       |       ||     8
       Distracted        |       |     1 |       |       |       ||     1
  Eat: Chunk             |     1 |    15 |    22 |    53 |     8 ||    99
       Royal jelly       |       |       |       |     2 |       ||     2
       Fruit             |       |       |       |     2 |       ||     2
       Beef jerky        |       |       |       |       |     1 ||     1
Armor: Robe              |    25 |    84 |    15 |       |       ||   124
       Leather armour    |       |       |   111 |   432 |    91 ||   634
Dodge: Dodged            |    42 |   118 |   132 |   486 |   113 ||   891
